 Dungeon Crawl Stone Soup version 0.21-a0-39-g28ea6b7 (webtiles) character file.

110 KristoblXynda the Slasher (level 4, -1/36 HPs)
             Began as a Draconian Skald on May 31, 2017.
             Slain by an orc wizard
             ... wielding a +0 dagger
              (6 damage)
             ... on level 3 of the Dungeon.
             The game lasted 00:03:54 (1883 turns).

KristoblXynda the Slasher (Draconian Skald)         Turns: 1883, Time: 00:03:55

Health: -1/36      AC:  7    Str: 18    XL:     4   Next: 61%
Magic:  6/7        EV: 13    Int: 14    God:
Gold:   82         SH:  0    Dex: 11    Spells: 3/7 levels left

rFire    . . .     SeeInvis .   a - +0 falchion
rCold    . . .     Gourm    .   (no shield)
rNeg     . . .     Faith    .   (armour unavailable)
rPois    .         Spirit   .   (helmet restricted)
rElec    .         Reflect  .   (no cloak)
rCorr    .         Harm     .   (no gloves)
MR       .....                  (no boots)
Stlth    +.........             (no amulet)
Regen    0.2/turn               k - +2 ring of protection
MPRegen  0.1/turn               (no ring)

@: confused, mighty
A: unfitting armour, cold-blooded, AC +5
a: no special abilities


You were on level 3 of the Dungeon.
You were hungry.

You visited 1 branch of the dungeon, and saw 3 of its levels.

You collected 82 gold pieces.

Inventory:

Hand Weapons
 a - a +0 falchion (weapon)
Jewellery
 k - a +2 ring of protection (left hand)
 q - an uncursed ring of ice {unknown}
Scrolls
 o - a scroll of teleportation {unknown}
 r - a scroll of identify {unknown}
Potions
 e - a potion of brilliance {unknown}
 f - a potion of heal wounds {unknown}
 h - a potion of mutation {unknown}
 l - a potion of haste {unknown}
 p - a potion of cancellation {unknown}
Books
 b - a book of Battle

   Spells                             Type                      Level
   a - Infusion                       Charms                       1
   b - Shroud of Golubria             Charms/Translocation         2
   c - Song of Slaying                Charms                       2
   d - Spectral Weapon                Hexes/Charms                 3
   e - Regeneration                   Charms/Necromancy            3
Comestibles
 c - 4 bread rations
 i - a royal jelly
 j - 4 chunks of flesh
 m - 2 fruits
 n - a meat ration


   Skills:
 - Level 2.1 Fighting
 * Level 3.9 Long Blades
 + Level 2.9 Dodging
 - Level 2.0 Spellcasting
 + Level 3.1 Charms


You had 3 spell levels left.
You knew the following spells:

 Your Spells              Type           Power        Failure   Level  Hunger
a - Infusion              Chrm           ##..         6%          1    ##.....
b - Regeneration          Chrm/Necr      #.........   36%         3    ####...


Dungeon Overview and Level Annotations

Branches:
Dungeon (3/15)

Altars:


Innate Abilities, Weirdness & Mutations

Your plain brown scales are hard. (AC +5)
You cannot fit into any form of body armour.
You are cold-blooded and may be slowed by cold attacks.


Message History

You hear some strange, mumbled words.
A magic dart appears from out of thin air!
The magic dart hits you!
You barely miss something. Something hits you but does no damage.
You hit something but do no damage.
You hear some strange, mumbled words.
A magic dart appears from out of thin air!
The magic dart hits you!
* * * LOW HITPOINT WARNING * * *
You are feeling hungry.
You miss something. Something hits you.
* * * LOW HITPOINT WARNING * * *
You hear some strange, mumbled words.
You are confused.
Unknown command.
You hit something. Something hits you but does no damage.
It was a potion of might.
You feel very mighty all of a sudden. Something hits you.
You die...

### #.. #.# ########.#
######.....##)#
####...##.....##)##.#
#.............{†....#
#.##...##....@##........
#.#.....#.....#######.##
#.......####### # #.#
#.#.....# ... #.......#
#.# #.##....# .. #.####
#.####..# ....#####
#.#... #.####..#
........# #.....
#.......#
....###.####.†..)


There were no monsters in sight!

Vanquished Creatures
  4 adders
  3 oozes
  3 worms (D:2)
  2 leopard geckos
  5 orcs
  A ball python (D:1)
  A giant cockroach (D:2)
  4 goblins
  7 hobgoblins
  5 kobolds
  2 quokkas (D:2)
  3 bats
  3 frilled lizards
  3 rats
46 creatures vanquished.

Notes
Turn   | Place    | Note
-------+----------+-------------------------------------------
     0 | D:1      | KristoblXynda the Draconian Skald began the quest for the Orb.
     0 | D:1      | Reached XP level 1. HP: 17/17 MP: 3/3
   107 | D:1      | Reached XP level 2. HP: 13/24 MP: 5/5
   615 | D:1      | Reached XP level 3. HP: 29/29 MP: 6/6
  1064 | D:2      | Learned a level 3 spell: Regeneration
  1464 | D:2      | Reached XP level 4. HP: 32/36 MP: 7/7
  1883 | D:3      | Slain by an orc wizard

Vault maps used:
D:1:      scummos_arrival_hexagon
D:3:      nicolae_overflow_hidden_temple,
          chequers_ecumenical_altar_simple_redux, st_stairs_11

Skill      XL: |  1  2  3 |
---------------+----------+-----
Long Blades    | 3 |  3.9
Charms         | 3 |  3.1
Fighting       | |  2.1
Dodging        | |  2.9
Spellcasting   | |  2.0

Action                   |  1- 3 |  4- 6 || total
-------------------------+-------+-------++-------
Melee: Falchion          |    96 |    57 ||   153
       Tailslap          |    15 |     6 ||    21
 Cast: Regeneration      |       |     1 ||     1
  Use: Potion            |       |     3 ||     3
 Stab: Sleeping          |     1 |       ||     1
  Eat: Chunk             |     2 |     1 ||     3
Armor: Skin              |    24 |    19 ||    43
Dodge: Dodged            |    57 |    38 ||    95
       Rpst.: Falchion   |    20 |    12 ||    32
